Map: Proxima Station LE

Players

ByuN - Winner!

  • Race: Terran Terran
  • League: Master
  • Spawn Location: 1:00

herO

  • Race: Protoss Protoss
  • League: Master
  • Spawn Location: 7:00

VOD

Have the link to the VOD?

Description

Time

  • Played on: June 9, 2017, 10:25 a.m.
  • Length: 9:22
Show
View Real Time Build Order
Export as new Build Order

ByuN Terran - Winner!

Build Orders: MMM Bio 

Get SALT Encoding   

  12  0:00  SCV  
  13  0:13  SCV  
  14  0:18  Supply Depot  
  14  0:25  SCV  
  15  0:39  SCV  
  15  0:41  Barracks  
  16  0:47  Refinery  
  16  0:51  SCV  
  17  1:04  SCV  
  18  1:16  SCV  
  19  1:28  Orbital Command, Marine  
  20  1:40  Command Center  
  20  1:50  Factory  
  20  1:53  SCV  
  21  2:00  Refinery  
  21  2:05  SCV  
  21  2:06  Barracks Reactor  
  22  2:12  Supply Depot  
  22  2:19  SCV  
  23  2:34  Widow Mine, SCV  
  26  2:42  Marine x2  
  28  2:46  SCV  
  29  2:52  Orbital Command  
  29  2:54  Armory  
  29  2:59  SCV  
  29  3:00  Marine x2  
  29  3:03  Factory Tech Lab  
  32  3:12  Starport  
  32  3:19  SCV x2  
  34  3:22  Marine x2  
  36  3:31  SCV x2  
  36  3:32  Supply Depot  
  38  3:41  Thor  
  44  3:44  Marine  
  44  3:45  Marine  
  46  3:54  SCV x2, Supply Depot  
  48  3:56  Medivac  
  50  4:04  Supply Depot, Marine x2  
  50  4:08  SCV x2  
  54  4:14  Engineering Bay  
  54  4:20  SCV  
  54  4:21  SCV  
  58  4:26  Supply Depot  
  58  4:37  SCV  
  58  4:38  SCV  
  58  4:40  Missile Turret, Barracks  
  58  4:42  Barracks  
  58  4:46  Factory Tech Lab  
  58  4:50  SCV x2, Terran Infantry Weapons Level 1  
  58  4:51  Marine  
  61  4:53  Stimpack  
  61  5:05  SCV, Barracks  
  61  5:06  SCV, Barracks  
  63  5:09  Marine  
  64  5:18  SCV x2  
  66  5:22  Thor  
  66  5:27  Starport Reactor  
  70  5:31  SCV x2  
  72  5:41  Barracks Tech Lab  
  72  5:46  Refinery  
  72  5:47  Refinery  
  72  5:48  Marine x3  
  69  5:50  Command Center  
  69  5:54  Barracks Tech Lab, Barracks Reactor  
  69  6:02  SCV x2, Missile Turret  
  71  6:08  Marine x4  
  75  6:13  Marine  
  76  6:19  Thor  
  76  6:21  Supply Depot  
  76  6:23  Combat Shields  
  82  6:27  Supply Depot, SCV x2  
  84  6:34  Marine x2  
  84  6:38  Marine x5  
  91  6:41  Medivac  
  91  6:43  Medivac  
  95  6:51  Terran Infantry Armor Level 1  
  95  6:54  Marine x2  
  95  6:56  Marine x4  
  95  7:00  Supply Depot  
  101  7:10  Concussive Shells  
  101  7:12  Marine x3  
  101  7:14  Marine x4  
  108  7:26  SCV x2  
  108  7:28  Factory Reactor, Medivac  
  108  7:29  Medivac  
  114  7:33  Marine  
  114  7:34  Marine x4  
  119  7:41  Missile Turret, Marine  
  119  7:42  Marine  
  112  7:51  Marine  
  112  7:52  Marine x4  
  111  7:59  SCV x2, Marine  
  111  8:00  Orbital Command, Marine  
  115  8:09  Marine x3  
  115  8:12  Marine  
  109  8:13  Marauder  
  109  8:17  Marauder  
  109  8:18  Marine  
  100  8:20  SCV x2  
  100  8:25  Engineering Bay  
  100  8:27  Widow Mine x2, Marine x2  
  99  8:28  Medivac x2  
  99  8:33  SCV  
  99  8:34  SCV x2  
  111  8:45  Marauder  
  111  8:46  Marauder x2, Marine x4  
  120  8:51  SCV x3  
Show
View Real Time Build Order
Export as new Build Order

herO Protoss 

Build Orders: 1 Gate Expand, Oracle Opening, Phoenix Opening 

Get SALT Encoding   

  12  0:01  Probe (Chrono Boost)  
  13  0:11  Probe (Chrono Boost)  
  14  0:17  Pylon  
  14  0:22  Probe (Chrono Boost)  
  15  0:35  Probe (Chrono Boost)  
  16  0:36  Gateway  
  16  0:40  Assimilator  
  16  0:45  Probe (Chrono Boost)  
  17  0:56  Probe (Chrono Boost)  
  18  1:06  Probe (Chrono Boost)  
  19  1:18  Nexus  
  19  1:29  Cybernetics Core  
  19  1:31  Probe (Chrono Boost)  
  20  1:36  Assimilator  
  20  1:41  Probe (Chrono Boost)  
  20  1:46  Pylon  
  21  1:52  Probe (Chrono Boost)  
  22  2:05  Adept, Mothership Core (Chrono Boost)  
  26  2:10  Warp Gate  
  26  2:24  Probe (Chrono Boost)  
  27  2:31  Probe (Chrono Boost)  
  27  2:34  Probe (Chrono Boost)  
  29  2:39  Stargate  
  29  2:41  Probe (Chrono Boost)  
  30  2:45  Probe (Chrono Boost)  
  31  2:52  Probe (Chrono Boost)  
  31  2:55  Probe (Chrono Boost)  
  33  3:02  Probe (Chrono Boost)  
  34  3:06  Probe (Chrono Boost)  
  34  3:12  Gateway  
  35  3:13  Probe (Chrono Boost), Gateway  
  35  3:17  Probe (Chrono Boost), Pylon  
  35  3:18  Oracle  
  37  3:25  Probe (Chrono Boost)  
  41  3:29  Probe (Chrono Boost)  
  41  3:30  Pylon  
  41  3:32  Pylon  
  42  3:35  Probe (Chrono Boost)  
  42  3:41  Probe (Chrono Boost)  
  44  3:42  Assimilator  
  44  3:44  Assimilator  
  44  3:47  Probe (Chrono Boost)  
  45  3:51  Phoenix  
  45  3:53  Probe (Chrono Boost)  
  48  3:56  Twilight Council  
  48  4:00  Probe (Chrono Boost)  
  49  4:03  Forge  
  49  4:05  Probe (Chrono Boost)  
  50  4:11  Probe (Chrono Boost)  
  50  4:12  Phoenix  
  54  4:17  Probe (Chrono Boost)  
  54  4:20  Pylon  
  54  4:21  Probe (Chrono Boost)  
  55  4:29  Probe (Chrono Boost)  
  56  4:34  Protoss Ground Weapons Level 1  
  56  4:35  Nexus  
  56  4:40  Pylon  
  56  4:41  Phoenix  
  56  4:45  Charge  
  58  4:54  Robotics Facility  
  57  5:01  Stalker x2  
  57  5:02  Zealot  
  63  5:08  Pylon  
  63  5:13  Probe x2 (Chrono Boost)  
  65  5:24  Probe (Chrono Boost)  
  65  5:25  Probe (Chrono Boost)  
  67  5:35  Probe (Chrono Boost)  
  69  5:36  Probe (Chrono Boost), Warp Prism  
  69  5:41  Zealot x2  
  71  5:43  Zealot  
  71  5:46  Probe (Chrono Boost), Pylon  
  71  5:48  Probe (Chrono Boost)  
  71  5:49  Gateway x2  
  75  5:53  Gateway  
  75  5:55  Probe (Chrono Boost)  
  75  5:56  Probe (Chrono Boost)  
  77  6:00  Probe (Chrono Boost)  
  78  6:07  Gateway x2  
  78  6:10  Probe (Chrono Boost), Observer  
  80  6:11  Probe (Chrono Boost)  
  80  6:13  Probe (Chrono Boost), Protoss Ground Armor Level 1  
  82  6:21  Probe (Chrono Boost)  
  82  6:23  Probe (Chrono Boost)  
  82  6:25  Zealot x3, Probe (Chrono Boost)  
  85  6:30  Pylon  
  85  6:32  Assimilator  
  91  6:33  Probe (Chrono Boost)  
  91  6:35  Probe (Chrono Boost)  
  91  6:37  Probe (Chrono Boost)  
  94  6:42  Immortal  
  94  6:44  Assimilator, Probe (Chrono Boost)  
  96  6:48  Probe (Chrono Boost)  
  96  6:49  Pylon, Probe (Chrono Boost)  
  96  6:50  Pylon  
  101  6:56  Probe (Chrono Boost)  
  101  6:59  Pylon  
  101  7:00  Probe (Chrono Boost)  
  104  7:01  Probe (Chrono Boost)  
  104  7:05  Templar Archives  
  104  7:07  Zealot  
  104  7:08  Sentry x3  
  112  7:11  Zealot x3  
  112  7:12  Zealot  
  120  7:16  Blink  
  120  7:18  Pylon  
  120  7:21  Pylon  
  120  7:25  Immortal  
  120  7:37  Zealot x5  
  127  7:44  Zealot x3  
  92  7:59  Zealot x5, Immortal  
  102  8:08  Zealot x3  
  72  8:25  High Templar  
  72  8:26  High Templar x4  
  82  8:35  High Templar x3  
  84  8:43  Observer  
  76  8:49  Archon, Nexus  
  76  8:50  Archon  
  76  9:01  Archon  
  74  9:06  Archon  
Tags
 
Add a new tag
Caveats
  • Supply blocks, unpowered buildings, or Contaminate may cause inaccurate times.
  • Supply counts are checked every 10 seconds.